 Dungeon Crawl Stone Soup version 0.31-a0-358-gac0dbeb3ab (webtiles) character file.

Game seed: 10447766356065822829

77 randomguy2701 the Chopper (level 4, -1/40 HPs)
             Began as a Hill Orc Monk on July 25, 2023.
             Slain by a gnoll
             ... wielding a +0 flail
              (3 damage)
             ... on level 2 of the Dungeon.
             The game lasted 00:01:27 (684 turns).

randomguy2701 the Chopper (Hill Orc Monk)            Turns: 684, Time: 00:01:28

Health: -1/40      AC: 10    Str: 15    XL:     4   Next: 33%
Magic:  4/4        EV:  4    Int: 10    God:
Gold:   11         SH:  0    Dex: 13    Spells: 3/3 levels left

rFire   . . .        a - +0 hand axe
rCold   . . .        d - orb {light}
rNeg    . . .        i - +0 plate armour
rPois   .            (no helmet)
rElec   .            (no cloak)
rCorr   .            (no gloves)
SInv    .            (no boots)
Will    .....        (no amulet) Stlth
                     (no ring)
HPRegen 0.26/turn    (no ring)
MPRegen 0.09/turn

%: no passive effects
@: lethally poisoned (-1 -> -2), glowing
A: no striking features
a: no special abilities


You were on level 2 of the Dungeon.
You visited 1 branch of the dungeon, and saw 2 of its levels.

You collected 11 gold pieces.

Inventory:

Hand Weapons
 a - a +0 hand axe (weapon)
Armour
 b - a +0 robe
 d - an orb of light (worn)
 i - a +0 plate armour (worn)
Scrolls
 e - 2 scrolls of identify {unknown}
 j - 2 scrolls of amnesia {unknown}
 k - a scroll of acquirement {unknown}
Potions
 c - a potion of ambrosia
 f - 2 potions of enlightenment {unknown}
 g - a potion of curing {unknown}
 h - a potion of heal wounds {unknown}


   Skills:
 + Level 4.3 Fighting
 + Level 5.2 Axes
 * Level 1.6 Armour
 + Level 2.8 Dodging


You had 3 spell levels left.
You didn't know any spells.
Your spell library contained the following spells:

 Spells                   Type           Power      Damage    Failure   Level
 Stone Arrow              Conj/Erth      0%         3d7       100%        3
 Animate Armour           Summ/Erth      0%         N/A       100%        4
 Lehudib's Crystal Spear  Conj/Erth      0%         10d2      100%        8


Dungeon Overview and Level Annotations

Branches:
Dungeon (1/15)

Altars:


Message History

The adder is heavily wounded.
You hit the gnoll.
You feel sick.
You are no longer poisoned.
The gnoll hits you with a +0 whip. The gnoll completely misses you.
The adder bites you but does no damage.
You hit the adder but do no damage.
The adder is heavily wounded.
You barely miss the gnoll. The adder bites you but does no damage.
The gnoll hits you but does no damage. x2
You barely miss the adder.
The adder is heavily wounded.
You hit the gnoll but do no damage. You hit the gnoll.
The adder bites you but does no damage. The gnoll hits you but does no damage.
The gnoll hits you with a +0 flail. The gnoll hits you with a +0 whip.
The adder bites you but does no damage.
You closely miss the adder.
The adder is heavily wounded.
You hit the gnoll. x2
You kill the gnoll!
The gnoll hits you but does no damage.
The gnoll hits you from afar with a +0 halberd.
* * * LOW HITPOINT WARNING * * *
The adder bites you.
* * * LOW HITPOINT WARNING * * *
You are poisoned.
The adder poisons you!
You hit the adder.
The adder is heavily wounded.
You hit the gnoll.
You feel sick. The adder bites you but does no damage.
The gnoll hits you with a +0 flail.
* * * LOW HITPOINT WARNING * * *
The gnoll hits you but does no damage. The adder bites you but does no damage.
You barely miss the adder.
The adder is heavily wounded.
You hit the gnoll.
You feel sick.
The gnoll hits you but does no damage. x2
The adder bites you but does no damage.
You hit the adder.
The adder is almost dead.
You barely miss the gnoll.
You feel sick. The gnoll hits you with a +0 flail.
You die...

#.... #####..#....##
#......>..............
####.#########..).....
#<# ###...#...## #.#
#...#....### #.#
#.####.).#.. #. ###.#
##†....# #S####...#
#....### #.@gg#.###
#.#..##.
###)◎..#####.#.....
#..####.........#
#...###.##.#.#..#
###.#..........#...
#.$).....##...##.##
####.#.#†..###.###
.......†.#..#..#
.......)###...##


You could see 2 gnolls and an adder.

Vanquished Creatures
  4 adders (D:2)
  2 gnolls (D:2)
  An endoplasm (D:2)
  2 giant cockroaches (D:2)
  3 goblins
  A hobgoblin (D:1)
  2 jackals (D:2)
  A quokka (D:2)
  3 ball pythons (D:2)
  A bat (D:2)
  2 kobolds
  A rat (D:2)
23 creatures vanquished.

Notes
Turn   | Place    | Note
-------+----------+-------------------------------------------
     0 | D:1      | randomguy2701 the Hill Orc Monk began the quest for the
                  | Orb.
     0 | D:1      | Reached XP level 1. HP: 19/19 MP: 1/1
   380 | D:1      | You fall into a shaft and drop 1 floor!
   389 | D:2      | Reached XP level 2. HP: 25/27 MP: 2/2
   419 | D:2      | Reached skill level 1 in Armour
   419 | D:2      | Reached XP level 3. HP: 25/33 MP: 3/3
   588 | D:2      | Reached skill level 5 in Axes
   613 | D:2      | Reached XP level 4. HP: 31/40 MP: 4/4
   684 | D:2      | HP: 2/40 [poisoned by an adder]
   684 | D:2      | Slain by a gnoll

Illustrated notes

Levels and vault maps discovered:
D:1:      sevenhm_arrival_forest_fort_large_2, layout_loops_ring,
          minmay_split_cup_large
D:2:      layout_rooms, serial_shops, nicolae_shop_waterfront, minmay_bisected,
          uniq_crazy_yiuf_cottage, uniq_natasha

Skill      XL: |  1  2  3 |
---------------+----------+-----
Fighting       | 4 |  4.3
Armour         | 1 |  1.6
Axes           | 5 |  5.2
Dodging        | |  2.8

Action                     |  1- 3 |  4- 6 || total
---------------------------+-------+-------++-------
  Melee: Hand axe          |    53 |    15 ||    68
 Armour: Plate armour      |    67 |    22 ||    89
  Dodge: Dodged            |    20 |     6 ||    26

Table legend: (Time is in decaauts)
 A = Elapsed time spent in this place.
 B = Non-inter-level travel time spent in this place.
 C = Inter-level travel time spent in this place.
 D = Time resting spent in this place.
 E = Time spent auto-exploring this place.
 F = Levels seen in this place.
 G = Mean time per level.
                   A        B        C        D        E       F      G
               +--------+--------+--------+--------+--------+-----+--------+
         Total |    688 |    649 |     39 |      0 |    488 |   2 |  344.0 |
       Dungeon |    688 |    649 |     39 |      0 |    488 |   2 |  344.0 |
               +--------+--------+--------+--------+--------+-----+--------+

Top non-repeatable levels by time:
     D:1: 380 daAuts
     D:2: 307 daAuts
